 Dungeon Crawl Stone Soup version 0.30-a0-728-gc68057be0a (webtiles) character file.

Game seed: 1072445330209745116

488952 LowRida the Luminary of Lethal Lore (level 25, -3/202 HPs)
             Began as a Gnoll Reaver on Jan 27, 2023.
             Was the Champion of Vehumet.
             Killed from afar by LowRida's illusion (illusionary) (94 damage)
             ... with an iron shot
             ... woven by Mara
             ... on level 4 of the Vaults on Jan 31, 2023.
             The game lasted 1 day 16:38:16 (124807 turns).

LowRida the Luminary of Lethal Lore (GnRe)    Turns: 124807, Time: 1 , 16:38:16

Health: -3/202     AC: 24    Str: 20    XL:     25   Next: 28%
Magic:  9/53       EV: 24    Int: 24    God:    Vehumet [******]
Gold:   4037       SH: 13    Dex: 13    Spells: 10/59 levels left

rFire   + . .      SeeInvis .    U - +4 short sword "Exzeadwo" {drain, rElec rPois Will- Str+7}
rCold   . . .      Faith    .    i - +0 buckler {rC+}
rNeg    + + +      Spirit   .    Y - +5 faerie dragon scales {+Inv rC- rCorr Int+5}
rPois   +          Reflect  +    p - +1 helmet
rElec   +          Harm     .    L - scarf {repulsion}
rCorr   +          Rampage  .    F - +2 pair of gloves
Will    +++..                    u - +2 pair of slick slippers {slick, slippery, EV+5}
Stlth   ++++++                   I - amulet of reflection
HPRegen 0.53/turn                T - ring "Ydghus" {rF+ rN++ MP+9}
MPRegen 0.33/turn                r - ring "Amiu" {Fly rN+ Will+++ Int-2}

@: about to teleport, flying, studying 3 skills, repel missiles
A: fangs 1, strong nose, distributed training
}: 1/15 runes: decaying
a: Renounce Religion, Evoke Invisibility


You were on level 4 of the Vaults.
You worshipped Vehumet.
Vehumet was exalted by your worship.
You visited 9 branches of the dungeon, and saw 42 of its levels.
You also visited: Ossuary, Ice Cave and Desolation.

You collected 6683 gold pieces.
You spent 2646 gold pieces at shops.

Inventory:

Hand Weapons
 l - the +5 flail of Gozag's Righteous Fury {flame, MP+9}
   (You found it in an ice cave)

   MP:        It affects your magic capacity (+9).
 E - the +7 short sword of Inyoqos {venom, Int+8}
   (You found it on level 5 of the Lair of Beasts)

   Int:       It affects your intelligence (+8).
 U - the +4 short sword "Exzeadwo" (weapon) {drain, rElec rPois Will- Str+7}
   (You found it on level 5 of the Dungeon)

   Str:       It affects your strength (+7).
   rElec:     It insulates you from electricity.
   rPois:     It protects you from poison.
   Will:      It decreases your willpower.
 V - the +27 heavy crossbow "Sniper" {heavy, Acc+∞ SInv}
   (You found it on level 3 of the Elven Halls)

   Acc+∞: It never misses its target.
   SInv:      It lets you see invisible.
Missiles
 m - 13 boomerangs
 B - 15 curare-tipped darts
 H - 4 silver javelins
Armour
 a - a +2 chain mail of willpower
 i - a +0 buckler of cold resistance (worn)
 p - a +1 helmet (worn)
 u - the +2 pair of slick slippers (worn) {slick, slippery, EV+5}
   (You bought it in a shop on level 9 of the Dungeon)

   Slick:     Its wearer cannot be constricted, engulfed, netted or webbed.
   Slippery:  It slips away from damaging melee attacks, pulling the attacker
   onward.
   EV:        It affects your evasion (+5).
 F - a +2 pair of gloves (worn)
 L - a scarf of repulsion (worn)
 Y - the +5 faerie dragon scales (worn) {+Inv rC- rCorr Int+5}
   (You took it off the Enchantress on level 4 of the Depths)

   Int:       It affects your intelligence (+5).
   rC:        It makes you vulnerable to cold.
   +Inv:      It lets you turn invisible.
   rCorr:     It protects you from acid and corrosion.
Jewellery
 c - the ring "Ydaos" {rF+++ rC- Will+ rCorr Int-4}
   (You took it off a ragged hierophant in the Desolation of Salt)

   [ring of willpower]

   Int:       It affects your intelligence (-4).
   rF:        It renders you almost immune to fire.
   rC:        It makes you vulnerable to cold.
   rCorr:     It protects you from acid and corrosion.
   Will:      It increases your willpower.
 h - a ring of protection from cold
 r - the ring "Amiu" (right hand) {Fly rN+ Will+++ Int-2}
   (You bought it in a shop on level 4 of the Snake Pit)

   [ring of positive energy]

   Int:       It affects your intelligence (-2).
   rN:        It protects you from negative energy.
   Fly:       It grants you flight.
   Will:      It greatly increases your willpower.
 y - a ring of see invisible
 I - an amulet of reflection (around neck)
 J - the ring of Brilliance {rElec rN+ Dex+6}
   (You took it off a deep elf sorcerer on level 3 of the Elven Halls)

   [ring of dexterity]

   Dex:       It affects your dexterity (+6).
   rElec:     It insulates you from electricity.
   rN:        It protects you from negative energy.
 M - a ring of the Octopus King {rF+ HP+2 AC+2 EV+2 SH+2}
   (You took it off a fire giant on level 2 of the Depths)

   [ring of protection from fire]

   AC:        It affects your AC (+2).
   EV:        It affects your evasion (+2).
   rF:        It protects you from fire.
   HP:        It affects your health (+2).
   SH:        It affects your SH (+2).
 O - a ring of poison resistance
 P - the ring "Hacid" {Ice rElec Str-2 Int+4 Dex+3}
   (You took it off Josephina on level 3 of the Depths)

   [ring of ice]

   It enhances your ice magic.
   Str:       It affects your strength (-2).
   Int:       It affects your intelligence (+4).
   Dex:       It affects your dexterity (+3).
   rF:        It makes you vulnerable to fire.
   rC:        It protects you from cold.
   rElec:     It insulates you from electricity.
 T - the ring "Ydghus" (left hand) {rF+ rN++ MP+9}
   (You took it off a spriggan on level 3 of the Depths)

   [ring of protection from fire]

   rF:        It protects you from fire.
   rN:        It greatly protects you from negative energy.
   MP:        It affects your magic capacity (+9).
Wands
 b - a wand of acid (15)
 d - a wand of mindburst (29) (quivered)
 C - a wand of iceblast (52)
 K - a wand of polymorph (40)
 Z - a wand of charming (24)
Scrolls
 e - 4 scrolls of blinking
 g - 19 scrolls of teleportation
 v - 3 scrolls of fog
 w - 5 scrolls of fear
 D - 6 scrolls of poison
 Q - 3 scrolls of summoning
 R - a scroll of vulnerability
 X - 4 scrolls of magic mapping
Potions
 f - 5 potions of cancellation
 j - 4 potions of magic
 k - 6 potions of resistance
 n - 5 potions of brilliance
 o - 4 potions of invisibility
 s - 12 potions of heal wounds
 t - 9 potions of might
 x - a potion of haste
 N - 24 potions of curing
Miscellaneous
 q - a box of beasts (inert)
 z - a condenser vane (inert)
 A - a lightning rod (4/4)
 G - a phantom mirror (inert)
 S - a phial of floods (inert)


   Skills:
 + Level 17.5 Fighting
 + Level 17.0 Short Blades
 + Level 17.0 Long Blades
 + Level 18.1 Axes
 + Level 17.0 Maces & Flails
 + Level 17.0 Polearms
 + Level 17.0 Staves
 + Level 17.0 Ranged Weapons
 + Level 17.0 Throwing
 + Level 17.0 Armour
 + Level 17.5 Dodging
 + Level 17.0 Stealth
 + Level 17.0 Shields
 + Level 18.0 Unarmed Combat
 + Level 17.6 Spellcasting
 + Level 15.4 Conjurations
 + Level 14.5 Hexes
 + Level 14.5 Summonings
 + Level 14.5 Necromancy
 + Level 15.7 Translocations
 + Level 14.5 Transmutations
 + Level 14.5 Fire Magic
 + Level 14.5 Ice Magic
 + Level 14.5 Air Magic
 + Level 18.3 Earth Magic
 + Level 14.5 Poison Magic
 + Level 18.4 Invocations
 + Level 17.0 Evocations


You had 10 spell levels left.
You knew the following spells:

 Your Spells              Type           Power      Damage    Failure   Level
a - Spellforged Servitor  Conj/Summ      37%        N/A       1%          7
b - Searing Ray           Conj           100%       2d8       0%          2
c - Hailstorm             Conj/Ice       75%        3d15      0%          3
d - Scorch                Fire           100%       2d10      0%          2
e - Flame Wave            Conj/Fire      75%        2d17      1%          4
f - Fulminant Prism       Conj/Hex       37%        3d17      1%          4
g - Sticky Flame          Conj/Fire      75%        2d9       1%          4
h - Iron Shot             Conj/Erth      40%        9d8       1%          6
i - Starburst             Conj/Fire      37%        6d11      1%          6
j - Fireball              Conj/Fire      37%        3d15      1%          5
k - Statue Form           Tmut/Erth      52%        N/A       1%          6

Your spell library contained the following spells:

 Spells                   Type           Power      Damage    Failure   Level
 Lehudib's Crystal Spear  Conj/Erth      40%        10d10     5%          8
 Ignition                 Fire           37%        3d11      14%         8
 Maxwell's Capacitive Co  Air            37%        ∞         14%         8
 Apportation              Tloc           100%       N/A       0%          1
 Beastly Appendage        Tmut           100%       N/A       0%          1
 Foxfire                  Conj/Fire      100%       2x1d9     0%          1
 Kiss of Death            Conj/Necr      100%       2d13      0%          1
 Magic Dart               Conj           100%       1d8       0%          1
 Necrotise                Necr           100%       1d9       0%          1
 Sting                    Tmut/Pois      100%       1d8       0%          1
 Summon Small Mammal      Summ           100%       N/A       0%          1
 Blink                    Tloc           100%       N/A       0%          2
 Call Imp                 Summ           74%        N/A       0%          2
 Lesser Beckoning         Tloc           100%       N/A       0%          2
 Momentum Strike          Conj/Tloc      100%       3d10      0%          2
 Passwall                 Tmut/Erth      65%        N/A       0%          2
 Poisonous Vapours        Pois/Air       100%       N/A       0%          2
 Sublimation of Blood     Necr           74%        N/A       0%          2
 Wereblood                Tmut           74%        N/A       0%          2
 Dazzling Flash           Conj/Hex       100%       N/A       0%          3
 Mephitic Cloud           Conj/Pois/Air  75%        N/A       0%          3
 Stone Arrow              Conj/Erth      100%       3d13      0%          3
 Confusing Touch          Hex            74%        N/A       1%          3
 Inner Flame              Hex/Fire       74%        N/A       1%          3
 Ozocubu's Armour         Ice            74%        N/A       1%          3
 Spider Form              Tmut/Pois      74%        N/A       1%          3
 Summon Guardian Golem    Hex/Summ       74%        N/A       1%          3
 Tukima's Dance           Hex            74%        N/A       1%          3
 Vampiric Draining        Necr           74%        2d11      1%          3
 Anguish                  Hex/Necr       37%        N/A       1%          4
 Animate Armour           Summ/Erth      100%       N/A       1%          4
 Dispel Undead            Necr           74%        3d25      1%          4
 Olgreb's Toxic Radiance  Pois           74%        N/A       1%          4
 Passage of Golubria      Tloc           77%        N/A       1%          4
 Summon Ice Beast         Ice/Summ       74%        N/A       1%          4
 Summon Lightning Spire   Summ/Air       74%        N/A       1%          4
 Agony                    Necr           74%        N/A       1%          5
 Alistair's Intoxication  Tmut/Pois      49%        N/A       1%          5
 Blade Hands              Tmut           37%        N/A       1%          5
 Lightning Bolt           Conj/Air       37%        1d56      1%          5
 Metabolic Englaciation   Hex/Ice        37%        N/A       1%          5
 Summon Mana Viper        Hex/Summ       74%        N/A       1%          5
 Yara's Violent Unravell  Hex/Tmut       37%        3d15      1%          5
 Eringya's Noxious Bog    Tmut/Pois      37%        N/A       1%          6
 Simulacrum               Ice/Necr       37%        N/A       1%          6
 Summon Cactus Giant      Summ           37%        N/A       1%          6
 Orb of Destruction       Conj           38%        9d11      1%          7
 Malign Gateway           Summ/Tloc      38%        N/A       5%          7
 Enfeeble                 Hex            37%        N/A       7%          7
 Monstrous Menagerie      Summ           37%        N/A       7%          7
 Summon Hydra             Summ           37%        N/A       7%          7
 Shatter                  Erth           41%        3d32*     38%         9
 Necromutation            Tmut/Necr      37%        N/A       47%         8
 Summon Horrible Things   Summ           37%        N/A       47%         8
 Chain Lightning          Conj/Air       37%        3d50      83%         9
 Fire Storm               Conj/Fire      37%        8d10      83%         9


Dungeon Overview and Level Annotations

Branches:
Dungeon (15/15)            Temple (1/1) D:5            Lair (5/5) D:8
  Swamp (4/4) Lair:3        Snake (4/4) Lair:3        Slime (0/5) Lair:4
    Orc (2/2) D:9             Elf (3/3) Orc:2        Vaults (4/5) D:14
  Crypt (0/3) Vaults:3     Depths (4/4) D:15            Zot (0/5) Depths:4
Ossuary (visited)           IceCv (visited)         Desolation (visited)

Altars:
Ashenzari
Cheibriados
Elyvilon
Fedhas
Gozag
Hepliaklqana
Kikubaaqudgha
Makhleb
Okawaru
Qazlal
Ru
Trog
Vehumet
Wu Jian
Xom
Zin
The Shining One
Jiyva

Shops:
D:1 *=*   D:8 *   D:9 [   Orc:2 (:(!   Elf:2 :   Snake:3 (   Snake:4 =
Vaults:3 (   Depths:1 =:=   Depths:4 ?=[!

Portals:
Hell: Depths:1 Depths:2 Depths:3 Depths:4
Abyss: Depths:2 Depths:3
Pandemonium: Depths:2
Ziggurat: Depths:4
Trove: Elf:1 (give +3 storm dragon scales)

Annotations:
D:8 Lair entrance
D:9 orcish mines entrance
D:13 3 runed translucent doors...guy can irrediate & is fire resistant, Darurab's ghost, journeyman GnIE
D:14 Vaults entrance
D:15 Depths entrance
Lair:3 Swamp entrance//Snake Pit entrance
Lair:4 Slime Pits entrance
Snake:4 Mlioglotl, Nikola
Orc:2 Elven Halls entrance
Elf:1 2 transporters very dangerous//+3 storm drag for Treasure Trove, Zoiloeb's ghost, adept CeHu
Elf:2 3 runed translucent doors
Vaults:3 Crypt entrance
Vaults:4 Mara
Depths:1
Hell entrance
Depths:2 1-Way Pandemonium Gate//1-Way
Abyss Gate//Hell Gate
Depths:3 1-Way
Abyss Gate//Hell Gate
Depths:4 1-Way Ziggurat//Hell gate//Zot entrance//enmy behind glass


Innate Abilities, Weirdness & Mutations

You have very sharp teeth.
Your uncanny sense of smell can sniff out nearby items.
Your experience applies equally to all skills.


Message History

Your mature weirdshock beast grabs the spellforged servitor.
Your mature weirdshock beast constricts the spellforged servitor!
LowRida's illusion casts a spell at you.
The iron shot hits you!!!!
LowRida's illusion hits LowRida's illusion!
The spellforged servitor is engulfed in blazing flames.
The spellforged servitor gestures at your spellforged servitor while chanting.
The iron shot hits your spellforged servitor!!!
Your spellforged servitor is destroyed!
Your spellforged servitor disappears in a puff of smoke!
Unknown command.
As you read the scroll of teleportation, it crumbles to dust.
You feel strangely unstable. Mara gestures at you.
The bolt of fire hits the spellforged servitor.
The spellforged servitor resists.
The bolt of fire hits you!! You resist.
The ironbound preserver is engulfed in blazing flames.
The ironbound preserver mumbles some strange words.
The ironbound preserver is healed somewhat.
LowRida's illusion sprays LowRida's illusion with burning goo.
The sticky flame hits LowRida's illusion.
LowRida's illusion resists.
The spellforged servitor struggles to escape constriction.
Your mature weirdshock beast loses its grip on the spellforged servitor.
You feel much better.
Mara blinks! x2
A yaktaur comes into view.
The ironbound preserver is engulfed in blazing flames.
The ironbound preserver mumbles some strange words.
The ironbound preserver is healed somewhat.
The spellforged servitor is engulfed in blazing flames.
The spellforged servitor gestures at you while chanting.
The iron shot hits your mature weirdshock beast!!
Your mature weirdshock beast dies!
Your mature weirdshock beast's corpse disappears in a puff of smoke!
LowRida's illusion sprays LowRida's illusion with burning goo.
The sticky flame hits LowRida's illusion.
LowRida's illusion resists.
LowRida's illusion casts a spell at you.
The iron shot hits you!!!!
You die...

####### *,,,,,,*
......#
*,,,,,,*******
......#
*,,,,,,*,,,,,,
......#
*,,..,,*,,,,,,
......#
*,c.c,,+,,,,,,
......#
######c###**,,,,,,
......# #....§.§.#
*,,,,,, ......#
#....§p§§# *******
##'##### #@[..§§.§#
***** .......#
#@@..§§§§# *,,,,
.).....# #9§§.....#
*,,,, .......#
#R)9.§...# *,,,,
.......#
####R####+##****,,,,
....)..#
#..§)..#..c.,,,*,,,,
.......#
#...R..'.###**,*,,,,
.†.....#
#......#.#≈§~*,*,,,,
.......#
#.....)#)#≈≈~*,+,,,,


You could see 3 Maras, an ironbound preserver, 2 spellforged servitors, a
yaktaur captain (sheltered), a yaktaur (distracted), LowRida's illusion
(sheltered, ally target) and the friendly LowRida's illusion (summoned,
drained).

Vanquished Creatures
  A juggernaut (Depths:2)
  Josephina (Depths:3)
  A caustic shrike (Depths:4)
  2 golden dragons
  A bone dragon (Depths:4)
  Jory (Vaults:3)
  the Enchantress (Depths:4)
  A pearl dragon (Depths:1)
  4 tentacled monstrosities
  Rupert (D:13)
  Jorgrun (Orc:2)
  2 deep elf blademasters (Elf:3)
  2 liches (Depths:2)
  2 deep elf master archers (Elf:3)
  A titan (Depths:2)
  3 storm dragons
  Roxanne (D:14)
  2 shadow dragons (Depths:2)
  4 tengu reavers
  Kirke (D:13)
  3 sphinxes
  2 fenstrider witches
  7 fire giants
  A nagaraja (Snake:1)
  5 vault wardens
  2 azure jellies
  Donald (Snake:1)
  3 deep elf sorcerers (Elf:3)
  9 frost giants
  An imperial myrmidon (Desolation)
  Louise (Elf:1)
  A draconian scorcher (Depths:4)
  Aizul (Snake:1)
  A balrug (Depths:3)
  6 ironbound preservers
  3 ghouls
  6 spriggan defenders
  15 very ugly things
  10 stone giants
  4 ironbound thunderhulks
  Azrael (D:12)
  An ophan (Depths:1)
  An apis (Depths:1)
  2 green draconians (Depths:4)
  3 vampire knights
  4 deep elf demonologists
  A black draconian (Depths:4)
  A deep elf annihilator (Elf:3)
  10 dire elephants
  3 halazid warlocks (Desolation)
  A bunyip (Swamp:4)
  11 eleionomae
  A spark wasp (Depths:2)
  A minotaur (D:12)
  A purple draconian (Depths:4)
  A crystal guardian (Desolation)
  6 deep elf death magi
  Snorg (D:14)
  11 ettins
  8 yaktaur captains
  10 fire dragons
  2 blizzard demons (IceCv)
  3 deep elf high priests
  Harold (D:11)
  4 ragged hierophants (Desolation)
  2 shambling mangroves (Swamp:3)
  Fannar (D:10)
  4 rakshasas
  7 ice dragons
  A salamander tyrant (Snake:2)
  4 servants of whispers (Desolation)
  3 great orbs of eyes
  15 hydras
  A caustic shrike simulacrum (IceCv)
  8 ironbound frosthearts
  6 ogre magi
  10 spriggan air magi
  Erolcha (D:13)
  12 centaur warriors
  4 peacekeepers (Desolation)
  2 catoblepae
  7 alligators
  An anaconda (shapeshifter) (Elf:3)
  13 anacondas
  2 ghost crabs
  2 death knights
  4 boulder beetles
  4 deep troll shamans
  15 naga warriors
  25 two-headed ogres
  25 dancing weapons
  4 tengu warriors
  3 deep troll earth magi
  6 shock serpents
  3 death yaks (Lair:3)
  9 spriggan berserkers
  7 naga sharpshooters
  13 deep elf knights
  13 spriggans
  Sonja (Lair:2)
  A sun demon (Depths:3)
  A salamander mystic (Snake:1)
  Lodul (D:10)
  An iron troll (Depths:3)
  5 goliath frogs
  3 spriggan druids (Swamp:4)
  A spark wasp zombie (Depths:1)
  7 bog bodies
  25 deep trolls
  3 glowing orange brains
  A flayed ghost (Depths:4)
  8 naga ritualists
  12 ironbound convokers
  An obsidian statue (IceCv)
  17 lindwurms
  3 wizards
  11 spriggan simulacra
  2 necromancers
  29 deep elf zephyrmancers
  6 orc knights
  3 orc sorcerers
  16 deep elf archers
  A phantasmal warrior (Vaults:3)
  37 deep elf pyromancers
  16 mana vipers
  18 salamanders
  33 ugly things
  A will-o-the-wisp (Swamp:1)
  5 cyclopes
  8 elephants
  6 guardian serpents
  A water nymph (shapeshifter) (Elf:1)
  A stone giant skeleton (Depths:1)
  7 manticores
  A fire giant skeleton (Depths:1)
  15 naga magi
  Maurice (D:11)
  40 black mambas
  7 vault sentinels
  2 water nymphs (Swamp:3)
  A smoke demon (Depths:3)
  6 gargoyles (D:11)
  A storm dragon simulacrum (Depths:3)
  A rime drake (Lair:2)
  Psyche (D:8)
  24 cane toads
  2 efreet
  4 unseen horrors
  3 anaconda simulacra (IceCv)
  A komodo dragon (shapeshifter) (Depths:3)
  14 freezing wraiths
  22 yaktaurs
  12 ice devils (IceCv)
  3 tengu conjurers
  14 komodo dragons
  A golden dragon simulacrum (IceCv)
  2 meliai (Depths:2)
  5 trolls
  16 hornets
  7 polar bears
  A queen bee (shapeshifter) (D:14)
  34 saltlings (Desolation)
  8 tyrant leeches
  Grinder (D:6)
  3 bloated husks
  14 dream sheep
  2 tarantellas (Vaults:4)
  20 blink frogs
  A fire giant simulacrum (Depths:3)
  An iron dragon simulacrum (Depths:3)
  20 slime creatures
  2 shadows (D:11)
  A vampire (D:12)
  3 air elementals (Elf:1)
  3 wyverns
  5 wraiths
  2 centaur simulacra (D:15)
  11 water elementals
  17 humans
  A hog (D:13)
  3 fire bats (Depths:2)
  53 yaks
  8 fire elementals
  2 dire elephant simulacra (IceCv)
  8 basilisks
  3 swamp worm simulacra (Swamp:4)
  A steam dragon (Lair:4)
  5 minotaur simulacra (IceCv)
  10 vampire mosquitoes
  3 wargs
  40 nagas
  21 swamp worms
  3 harpy simulacra (IceCv)
  2 hell hounds (D:12)
  3 acid dragons
  7 water moccasins
  14 hydra simulacra
  A floating eye (shapeshifter) (Depths:2)
  A floating eye (Depths:2)
  An ice beast (D:8)
  22 orc warriors
  A swamp drake (Swamp:3)
  3 black bears
  4 alligator simulacra (IceCv)
  An ettin simulacrum (Depths:1)
  4 boggarts
  37 ogres
  9 centaurs
  25 wolves
  An elf zombie (Ossuary)
  2 phantoms (D:4)
  2 kobold brigands
  17 bullfrogs
  3 necrophages
  6 scorpions
  6 deep troll simulacra (IceCv)
  3 earth elementals
  2 gnoll sergeants
  5 wights
  A lindwurm simulacrum (IceCv)
  8 killer bees
  3 howler monkeys
  3 electric eels (Lair:5)
  A howler monkey (shapeshifter) (Depths:2)
  9 orc priests
  A hound (shapeshifter) (D:15)
  3 jellies
  6 hounds
  7 iguanas
  25 orc wizards
  3 mummies (Ossuary)
  16 gnolls
  8 adders
  A shadow imp (D:8)
  5 swamp drake simulacra (Swamp:4)
  2 worms
  5 dart slugs
  82 orcs
  9 endoplasms
  A gnoll zombie (Ossuary)
  8 goblins
  6 hobgoblins
  16 jackals
  3 quokkas
  7 ball pythons
  3 bats
  6 frilled lizards
  2 goblin zombies (Ossuary)
  2 hobgoblin zombies (Ossuary)
  18 kobolds
  5 kobold zombies (Ossuary)
  4 rats
  169 fulminant prisms
1879 creatures vanquished.

Vanquished Creatures (collateral kills)
  Saint Roka (Elf:3)
  5 caustic shrikes
  2 golden dragons (Depths:2)
  A walking divine tome (Depths:2)
  A tengu reaver (Depths:2)
  2 fire giants (Depths:2)
  3 vault wardens
  A deep elf sorcerer (Elf:3)
  A frost giant (Depths:2)
  4 very ugly things
  3 ironbound preservers
  2 stone giants (Depths:2)
  4 ironbound thunderhulks
  A deep elf annihilator (Elf:3)
  A vampire knight (Vaults:3)
  5 dire elephants
  2 deep elf death magi (Elf:3)
  An entropy weaver (Vaults:4)
  3 great orbs of eyes
  2 vault guards (Vaults:2)
  A spriggan air mage (Depths:2)
  6 ragged hierophants (Desolation)
  3 servants of whispers (Desolation)
  3 peacekeepers (Desolation)
  2 centaur warriors (Vaults:1)
  2 ironbound frosthearts
  A boulder beetle (Vaults:1)
  A soul eater (Vaults:3)
  12 deep trolls
  A lindwurm (Vaults:1)
  A deep elf archer (Elf:1)
  A wizard (Vaults:1)
  A deep elf zephyrmancer (Elf:1)
  3 ironbound convokers
  2 ugly things
  A frost giant skeleton (Vaults:4)
  Joseph (D:10)
  An elf zombie (Vaults:4)
  A gargoyle (D:10)
  5 vault sentinels
  A meliai (Depths:2)
  An ettin zombie (Vaults:4)
  33 saltlings (Desolation)
  2 slime creatures
  A water elemental (Elf:3)
  A redback (Vaults:4)
  2 hell hounds
  A glowing shapeshifter skeleton (Depths:1)
136 creatures vanquished.

Vanquished Creatures (others)
  A hydra (Swamp:4)
  A guardian serpent (Desolation)
  2 bloated husks
  2 saltlings (Desolation)
  3 humans (D:13)
  A naga (Snake:4)
  An orc (Orc:1)
  796 fulminant prisms
  54 fungi
  155 plants
1016 creatures vanquished.

Grand Total: 3031 creatures vanquished

Notes
Turn   | Place    | Note
-------+----------+-------------------------------------------
     0 | D:1      | LowRida the Gnoll Reaver began the quest for the Orb.
     0 | D:1      | Reached XP level 1. HP: 20/20 MP: 6/6
   247 | D:1      | Found Lacs's General Store.
   519 | D:1      | Found a faded altar of an unknown god.
   623 | D:1      | Reached XP level 2. HP: 26/26 MP: 7/7
   746 | D:1      | Found Sausesse's General Store.
   799 | D:1      | Found Cauwkyzuxio's Jewellery Emporium.
  1116 | D:1      | Reached skill level 5 in Spellcasting
  1116 | D:1      | Reached XP level 3. HP: 16/31 MP: 7/9
  1212 | D:2      | Reached skill level 1 in Invocations
  1258 | D:2      | Reached skill level 1 in Short Blades
  1258 | D:2      | Reached skill level 1 in Long Blades
  1258 | D:2      | Reached skill level 1 in Maces & Flails
  1258 | D:2      | Reached skill level 1 in Polearms
  1258 | D:2      | Reached skill level 1 in Staves
  1258 | D:2      | Reached skill level 1 in Ranged Weapons
  1258 | D:2      | Reached skill level 1 in Throwing
  1258 | D:2      | Reached skill level 1 in Armour
  1258 | D:2      | Reached skill level 1 in Stealth
  1258 | D:2      | Reached skill level 1 in Shields
  1258 | D:2      | Reached skill level 1 in Unarmed Combat
  1258 | D:2      | Reached skill level 1 in Evocations
  1600 | D:2      | Reached XP level 4. HP: 27/38 MP: 11/11
  2494 | D:3      | Reached skill level 1 in Hexes
  2494 | D:3      | Reached skill level 1 in Summonings
  2494 | D:3      | Reached skill level 1 in Necromancy
  2494 | D:3      | Reached skill level 1 in Translocations
  2494 | D:3      | Reached skill level 1 in Transmutations
  2494 | D:3      | Reached skill level 1 in Fire Magic
  2494 | D:3      | Reached skill level 1 in Ice Magic
  2494 | D:3      | Reached skill level 1 in Air Magic
  2494 | D:3      | Reached skill level 1 in Earth Magic
  2494 | D:3      | Reached skill level 1 in Poison Magic
  2593 | D:3      | Reached XP level 5. HP: 29/43 MP: 12/12
  3221 | D:3      | Found a snail-covered altar of Cheibriados.
  3504 | D:4      | Noticed a phantom
  3544 | D:4      | Killed a phantom
  3545 | D:4      | Reached skill level 5 in Fighting
  3545 | D:4      | Reached skill level 5 in Dodging
  3545 | D:4      | Reached XP level 6. HP: 51/51 MP: 14/14
  3566 | D:4      | Found an iron altar of Okawaru.
  3808 | D:4      | Identified the +3 dagger "Lanixof" {heavy, Fly rCorr Dex+3}
  3841 | D:4      | Noticed a black bear
  3858 | D:4      | Found a sand-covered staircase.
  3865 | Ossuary  | Entered an ossuary
  3865 | Ossuary  | Noticed a wraith
  3865 | Ossuary  | Noticed a wraith
  3865 | Ossuary  | Noticed a wraith
  3951 | Ossuary  | Reached XP level 7. HP: 56/56 MP: 15/15
  4261 | Ossuary  | Noticed a wraith
  4352 | Ossuary  | Killed a wraith
  4715 | D:4      | Found an ancient bone altar of Kikubaaqudgha.
  4716 | D:4      | Found a glowing silver altar of Zin.
  4815 | D:4      | Reached XP level 8. HP: 63/63 MP: 16/16
  5121 | D:1      | Bought a scroll of identify for 24 gold pieces
  5582 | D:5      | Entered Level 5 of the Dungeon
  6073 | D:5      | Identified the +2 pair of gloves "Jygakk" {Harm rElec
                  | Str+2}
  6740 | D:5      | Identified the +4 short sword "Exzeadwo" {drain, rElec
                  | rPois Will- Str+7}
  6972 | D:5      | Found a staircase to the Ecumenical Temple.
  6984 | Temple   | Entered the Ecumenical Temple
  7088 | Temple   | Became a worshipper of Vehumet
  8010 | D:6      | Reached XP level 9. HP: 69/69 MP: 18/18
  8012 | D:6      | Noticed Grinder
  8053 | D:6      | Killed Grinder
  8798 | D:6      | Found a sacrificial altar of Ru.
  9116 | D:6      | Reached * piety under Vehumet
  9116 | D:6      | Offered knowledge of Shock by Vehumet.
  9246 | D:6      | Reached skill level 5 in Invocations
  9776 | D:7      | Found an ancient bone altar of Kikubaaqudgha.
 11098 | D:6      | Reached skill level 5 in Short Blades
 11098 | D:6      | Reached skill level 5 in Long Blades
 11098 | D:6      | Reached skill level 5 in Maces & Flails
 11098 | D:6      | Reached skill level 5 in Polearms
 11098 | D:6      | Reached skill level 5 in Staves
 11098 | D:6      | Reached skill level 5 in Ranged Weapons
 11098 | D:6      | Reached skill level 5 in Throwing
 11098 | D:6      | Reached skill level 5 in Armour
 11098 | D:6      | Reached skill level 5 in Stealth
 11098 | D:6      | Reached skill level 5 in Shields
 11098 | D:6      | Reached skill level 5 in Unarmed Combat
 11098 | D:6      | Reached skill level 5 in Evocations
 11098 | D:6      | Reached XP level 10. HP: 64/74 MP: 20/20
 11509 | D:7      | Found a hazy altar of Hepliaklqana.
 11827 | D:8      | Noticed Psyche
 11909 | D:8      | Found Nialu's General Store.
 11987 | D:8      | Killed Psyche
 12257 | D:8      | Identified the +6 flail of Temon {drain, rCorr Str+3}
 12718 | D:8      | Found a staircase to the Lair.
 13266 | D:8      | Reached ** piety under Vehumet
 13266 | D:8      | Offered knowledge of Static Discharge by Vehumet.
 14289 | D:9      | Found Yraot's Antique Armour Shoppe.
 15000 | D:9      | Found an ornate altar of the Wu Jian Council.
 15138 | D:9      | Reached skill level 5 in Hexes
 15138 | D:9      | Reached skill level 5 in Summonings
 15138 | D:9      | Reached skill level 5 in Necromancy
 15138 | D:9      | Reached skill level 5 in Translocations
 15138 | D:9      | Reached skill level 5 in Transmutations
 15138 | D:9      | Reached skill level 5 in Fire Magic
 15138 | D:9      | Reached skill level 5 in Ice Magic
 15138 | D:9      | Reached skill level 5 in Air Magic
 15138 | D:9      | Reached skill level 5 in Earth Magic
 15138 | D:9      | Reached skill level 5 in Poison Magic
 15388 | D:9      | Reached XP level 11. HP: 85/85 MP: 22/22
 16134 | D:9      | Found a staircase to the Orcish Mines.
 16554 | D:10     | Entered Level 10 of the Dungeon
 16576 | D:10     | Noticed Joseph
 16603 | D:10     | Killed Joseph
 16695 | D:10     | Noticed a two-headed ogre
 16730 | D:10     | Identified the +8 whip of Indomitability {flame, Int+3}
 16732 | D:10     | Noticed Fannar
 16961 | D:8      | Learned a level 2 spell: Searing Ray
 16965 | D:8      | Learned a level 3 spell: Hailstorm
 16968 | D:8      | Learned a level 2 spell: Scorch
 16973 | D:8      | Learned a level 4 spell: Flame Wave
 16978 | D:8      | Learned a level 4 spell: Fulminant Prism
 16982 | Lair:1   | Entered Level 1 of the Lair of Beasts
 17050 | Orc:1    | Entered Level 1 of the Orcish Mines
 17119 | D:9      | Offered knowledge of Frozen Ramparts by Vehumet.
 17481 | Orc:2    | Entered Level 2 of the Orcish Mines
 17483 | Orc:2    | Noticed an orc knight
 17484 | Orc:2    | Reached *** piety under Vehumet
 17495 | Orc:2    | Killed an orc knight
 17749 | Orc:2    | Noticed an ogre mage
 17750 | Orc:2    | Noticed a two-headed ogre
 18582 | Lair:1   | Offered knowledge of Inner Flame by Vehumet.
 19038 | Lair:1   | Learned a level 4 spell: Sticky Flame
 19515 | Lair:2   | Reached XP level 12. HP: 94/94 MP: 7/24
 19728 | Lair:2   | Reached **** piety under Vehumet
 19780 | Lair:2   | Reached skill level 10 in Axes
 19781 | Lair:2   | Offered knowledge of Yara's Violent Unravelling by Vehumet.
 19909 | Lair:2   | Learned a level 5 spell: Yara's Violent Unravelling
 20842 | Lair:2   | Noticed Sonja
 20854 | Lair:2   | Killed Sonja
 21873 | Lair:3   | Noticed a five-headed hydra
 21961 | Lair:3   | Noticed a boulder beetle
 22290 | Lair:3   | Killed a five-headed hydra
 23009 | Lair:3   | Killed a boulder beetle
 23010 | Lair:3   | Reached XP level 13. HP: 80/101 MP: 6/26
 24463 | Lair:3   | Found a staircase to the Swamp.
 24731 | Lair:3   | Found a staircase to the Snake Pit.
 25331 | Lair:4   | Found a bloodstained altar of Trog.
 25365 | Lair:3   | Reached skill level 10 in Fighting
 25365 | Lair:3   | Reached skill level 10 in Dodging
 25365 | Lair:3   | Reached skill level 10 in Spellcasting
 25365 | Lair:3   | Reached XP level 14. HP: 110/110 MP: 26/28
 25573 | Lair:4   | Found a viscous altar of Jiyva.
 27009 | Lair:4   | Found a staircase to the Slime Pits.
 27923 | Lair:5   | Entered Level 5 of the Lair of Beasts
 27931 | Lair:5   | Reached skill level 10 in Invocations
 28778 | Lair:4   | Reached ***** piety under Vehumet
 28821 | Lair:4   | Offered knowledge of Starburst by Vehumet.
 28829 | Lair:4   | Learned a level 6 spell: Starburst
 29301 | Lair:4   | Reached XP level 15. HP: 117/117 MP: 1/29
 29828 | Lair:5   | Identified the +7 short sword of Inyoqos {venom, Int+8}
 31230 | Lair:5   | Found a broken altar of Ashenzari.
 31387 | Lair:5   | Reached skill level 10 in Conjurations
 32524 | D:8      | Learned a level 5 spell: Summon Mana Viper
 32755 | D:10     | Killed Fannar
 32771 | D:10     | Reached skill level 10 in Short Blades
 32771 | D:10     | Reached skill level 10 in Long Blades
 32771 | D:10     | Reached skill level 10 in Maces & Flails
 32771 | D:10     | Reached skill level 10 in Polearms
 32771 | D:10     | Reached skill level 10 in Staves
 32771 | D:10     | Reached skill level 10 in Ranged Weapons
 32771 | D:10     | Reached skill level 10 in Throwing
 32771 | D:10     | Reached skill level 10 in Armour
 32771 | D:10     | Reached skill level 10 in Stealth
 32771 | D:10     | Reached skill level 10 in Shields
 32771 | D:10     | Reached skill level 10 in Unarmed Combat
 32771 | D:10     | Reached skill level 10 in Evocations
 33519 | D:10     | Noticed Lodul
 33530 | D:10     | Killed Lodul
 33913 | D:9      | Bought the +2 pair of slick slippers {slick, slippery,
                  | EV+5} for 1232 gold pieces
 33913 | D:9      | Found the +2 pair of slick slippers {slick, slippery, EV+5}
 34731 | D:11     | Offered knowledge of Airstrike by Vehumet.
 34932 | D:11     | Noticed Maurice
 34941 | D:11     | Killed Maurice
 35999 | D:11     | Noticed Harold
 36274 | D:11     | Found the +10 dark maul {heavy}
 37206 | D:11     | Killed Harold
 37657 | D:8      | Upgraded the game from 0.30-a0-721-ga6a225cb13 to
                  | 0.30-a0-723-gc1506a1cf0
 39439 | D:12     | Noticed Azrael
 40282 | D:8      | Learned a level 6 spell: Iron Shot
 40355 | Swamp:1  | Entered Level 1 of the Swamp
 41900 | Swamp:2  | Reached XP level 16. HP: 126/126 MP: 16/31
 42663 | Swamp:2  | Noticed a fenstrider witch
 42666 | Swamp:2  | Killed a fenstrider witch
 44522 | D:12     | Killed Azrael
 44640 | D:12     | Found a runed translucent door.
 46015 | D:13     | Got the Vademecum on Open Graves
 46201 | D:13     | Identified the amulet "Waefeb" {Acrobat rN+}
 47251 | D:13     | Noticed Kirke
 47347 | D:13     | Noticed Rupert
 47693 | Orc:2    | Reached skill level 10 in Earth Magic
 49585 | Orc:2    | Offered knowledge of Eringya's Noxious Bog by Vehumet.
 49949 | Orc:2    | Found Naku's Weapon Emporium.
 49949 | Orc:2    | Found Mayries's Weapon Shop.
 49949 | Orc:2    | Found Rateebai's Book Shop.
 49949 | Orc:2    | Found Wisoy's Distillery.
 49981 | Orc:2    | Found a staircase to the Elven Halls.
 49983 | Orc:2    | Noticed Jorgrun
 50178 | Orc:2    | Killed Jorgrun
 52178 | Snake:1  | Entered Level 1 of the Snake Pit
 52196 | Snake:1  | Noticed Aizul
 52205 | Snake:1  | Reached XP level 17. HP: 134/134 MP: 18/33
 52488 | Snake:1  | Killed Aizul
 53113 | Snake:1  | Learned a level 5 spell: Fireball
 53546 | Snake:1  | Noticed Donald
 53554 | Snake:1  | Killed Donald
 53554 | Snake:1  | Offered knowledge of Ozocubu's Refrigeration by Vehumet.
 53788 | Snake:1  | Reached skill level 10 in Hexes
 53788 | Snake:1  | Reached skill level 10 in Summonings
 53788 | Snake:1  | Reached skill level 10 in Necromancy
 53788 | Snake:1  | Reached skill level 10 in Translocations
 53788 | Snake:1  | Reached skill level 10 in Transmutations
 53788 | Snake:1  | Reached skill level 10 in Fire Magic
 53788 | Snake:1  | Reached skill level 10 in Ice Magic
 53788 | Snake:1  | Reached skill level 10 in Air Magic
 53788 | Snake:1  | Reached skill level 10 in Poison Magic
 57185 | Snake:3  | Reached XP level 18. HP: 143/143 MP: 19/35
 57494 | Snake:3  | Offered knowledge of Freezing Cloud by Vehumet.
 58988 | Snake:3  | Found Biapisch's Weapon Shoppe.
 59444 | Snake:4  | Entered Level 4 of the Snake Pit
 59480 | Snake:4  | Noticed Nikola
 59712 | Snake:4  | Found Peleogol's Jewellery Boutique.
 59784 | Snake:4  | Noticed Mlioglotl
 59861 | Snake:4  | Bought the ring "Amiu" {Fly rN+ Will+++ Int-2} for 793 gold
                  | pieces
 60614 | D:13     | Killed Rupert
 61268 | D:13     | Killed Kirke
 61280 | D:13     | Noticed Erolcha
 61283 | D:13     | Killed Erolcha
 61662 | D:13     | Found a runed translucent gate.
 61664 | D:13     | Found a runed translucent gate.
 61664 | D:13     | Noticed Darurab's ghost (journeyman GnIE)
 61665 | D:13     | Found a runed translucent gate.
 61964 | D:13     | Upgraded the game from 0.30-a0-723-gc1506a1cf0 to
                  | 0.30-a0-726-gd89dcf765f
 61965 | D:14     | Found a gate to the Vaults.
 62972 | D:13     | Offered knowledge of Arcjolt by Vehumet.
 63101 | D:14     | Found a stormy altar of Qazlal.
 63416 | D:14     | Identified Roxanne's Catalogue of the Xenotype
 63416 | D:14     | Noticed Roxanne
 63492 | D:14     | Killed Roxanne
 63861 | D:14     | Noticed Snorg
 63865 | D:14     | Killed Snorg
 65021 | D:15     | Entered Level 15 of the Dungeon
 65514 | D:15     | Identified the ring "Piuxudan" {*Corrode rF+ AC+4 Int-4
                  | Dex+5}
 66877 | D:15     | Found a staircase to the Depths.
 67125 | D:15     | Reached XP level 19. HP: 151/151 MP: 28/36
 68741 | Elf:1    | Entered Level 1 of the Elven Halls
 68758 | Elf:1    | Identified the +8 tower shield "Salezab" {Will+}
 68758 | Elf:1    | Noticed Louise
 68769 | Elf:1    | Killed Louise
 69068 | Elf:1    | Found a frozen archway.
 69095 | IceCv    | Entered an ice cave
 69254 | IceCv    | Offered knowledge of Conjure Ball Lightning by Vehumet.
 70677 | IceCv    | Identified the +5 flail of Gozag's Righteous Fury {flame,
                  | MP+9}
 70695 | IceCv    | Reached XP level 20. HP: 159/159 MP: 38/38
 71611 | Elf:1    | Learned a level 6 spell: Statue Form
 71682 | Elf:1    | Noticed Zoiloeb's ghost (adept CeHu)
 71718 | Elf:1    | Found a bloodstained altar of Trog.
 71732 | Elf:1    | Found a transporter.
 71734 | Elf:1    | Found a transporter.
 71761 | Elf:1    | Found a portal to a secret trove of treasure.
 72057 | Elf:1    | Reached skill level 15 in Axes
 72610 | Elf:1    | Paralysed by an air elemental for 1 turns
 72890 | Elf:1    | Paralysed by an air elemental for 1 turns
 72939 | Elf:1    | Reached skill level 15 in Invocations
 73242 | Elf:1    | Got the Catalogue of Invitation
 74359 | Elf:2    | Reached XP level 21. HP: 104/166 MP: 5/39
 74533 | Elf:2    | Found Ibutaqac's Book Emporium.
 74543 | Elf:2    | Found Vyigametz's Antique Armour Shoppe.
 74936 | Elf:2    | Reached ****** piety under Vehumet
 75113 | Elf:2    | Found a runed translucent gate.
 75114 | Elf:2    | Found a runed translucent gate.
 75114 | Elf:2    | Found a runed translucent gate.
 77917 | Swamp:3  | Offered knowledge of Lehudib's Crystal Spear by Vehumet.
 77917 | Swamp:3  | Offered knowledge of Ignition by Vehumet.
 77917 | Swamp:3  | Offered knowledge of Maxwell's Capacitive Coupling by
                  | Vehumet.
 78583 | Depths:1 | Entered Level 1 of the Depths
 78622 | Depths:1 | Reached skill level 15 in Spellcasting
 79566 | Depths:1 | Reached skill level 15 in Fighting
 79566 | Depths:1 | Reached skill level 15 in Dodging
 80318 | Orc:2    | Bought a potion of heal wounds for 70 gold pieces
 80682 | Depths:1 | Noticed a pearl dragon
 80697 | Depths:1 | Killed a pearl dragon
 80860 | Depths:1 | Found a glowing silver altar of Zin.
 80860 | Depths:1 | Found a white marble altar of Elyvilon.
 80860 | Depths:1 | Found a glowing golden altar of the Shining One.
 81328 | Depths:1 | Found a gateway to Hell.
 81538 | Depths:1 | Found Zidio's Jewellery Boutique.
 81539 | Depths:1 | Found Noxaryin's Book Shoppe.
 81548 | Depths:1 | Found Hoeviur's Jewellery Boutique.
 82318 | D:8      | Upgraded the game from 0.30-a0-726-gd89dcf765f to
                  | 0.30-a0-728-gc68057be0a
 82613 | Swamp:4  | Entered Level 4 of the Swamp
 82844 | Swamp:4  | Reached skill level 15 in Earth Magic
 86120 | Swamp:4  | Got a decaying rune of Zot
 87669 | Depths:2 | Noticed a juggernaut
 88841 | Depths:2 | You are sucked into a shaft and drop 2 floors!
 88841 | Depths:4 | Entered Level 4 of the Depths
 88858 | Depths:4 | Reached XP level 22. HP: 175/175 MP: 18/41
 89052 | Depths:4 | Found a one-way gateway to a ziggurat.
 89372 | Depths:3 | Identified the ring "Hacid" {Ice rElec Str-2 Int+4 Dex+3}
 89372 | Depths:3 | Noticed Josephina
 89380 | Depths:3 | Killed Josephina
 89659 | Depths:4 | Identified the +3 sling "Yneiwad" {drain, Contam rCorr
                  | Dex+3}
 89739 | Depths:3 | Noticed the Enchantress
 89750 | Depths:4 | Killed the Enchantress
 90538 | Depths:3 | Noticed a golden dragon
 90548 | Depths:3 | Killed a golden dragon
 90549 | Depths:3 | Reached skill level 15 in Short Blades
 90549 | Depths:3 | Reached skill level 15 in Long Blades
 90549 | Depths:3 | Reached skill level 15 in Maces & Flails
 90549 | Depths:3 | Reached skill level 15 in Polearms
 90549 | Depths:3 | Reached skill level 15 in Staves
 90549 | Depths:3 | Reached skill level 15 in Ranged Weapons
 90549 | Depths:3 | Reached skill level 15 in Throwing
 90549 | Depths:3 | Reached skill level 15 in Armour
 90549 | Depths:3 | Reached skill level 15 in Stealth
 90549 | Depths:3 | Reached skill level 15 in Shields
 90549 | Depths:3 | Reached skill level 15 in Unarmed Combat
 90549 | Depths:3 | Reached skill level 15 in Evocations
 90618 | Depths:3 | Found a one-way gate to the infinite horrors of the Abyss.
 91069 | Depths:4 | Found Dynivont's Antique Armour Shop.
 91955 | Depths:3 | Identified the ring "Ydghus" {rF+ rN++ MP+9}
 92214 | D:15     | Learned a level 7 spell: Spellforged Servitor
 92385 | Depths:2 | Killed a juggernaut
 92915 | Depths:2 | Noticed a golden dragon
 92916 | Depths:2 | Killed a golden dragon
 92973 | Depths:2 | Noticed a golden dragon
 92981 | Depths:2 | Killed a golden dragon
 93056 | Depths:2 | Noticed a golden dragon
 93062 | Depths:2 | Killed a golden dragon
 93676 | Depths:2 | Found the ring of the Octopus King {rF+ HP+2 AC+2 EV+2
                  | SH+2}
 93682 | Depths:2 | Noticed a caustic shrike
 93691 | Depths:2 | Killed a caustic shrike
 93744 | Depths:2 | Identified the +7 long sword of Discord {drain, *Noise
                  | rElec rC+ rCorr}
 94507 | Depths:2 | Found a one-way gate leading to the halls of Pandemonium.
 94570 | Depths:2 | Identified the +6 arbalest "Guociam" {penet, rElec rC-
                  | Str+2 Int+9}
 97062 | Depths:3 | Reached XP level 23. HP: 160/184 MP: 28/43
 99067 | Depths:3 | Identified the +9 great sword "Naklaela" {flame, *Corrode
                  | rF+ SInv}
 99779 | Depths:3 | Identified the +6 trident "Mulo" {flame, Fly Str+4}
 99782 | Depths:3 | Identified the +9 arbalest of Gozag {flame, +Blink Str+3
                  | Int+3}
100778 | Depths:4 | Found Yzypp's Jewellery Shoppe.
101067 | Depths:4 | Found Vashid's Distillery.
101067 | Depths:4 | Noticed a caustic shrike
101067 | Depths:4 | Noticed a caustic shrike
101067 | Depths:4 | Noticed a caustic shrike
101067 | Depths:4 | Noticed a caustic shrike
101067 | Depths:4 | Noticed a caustic shrike
101364 | Depths:4 | Killed a caustic shrike
101367 | Depths:4 | Killed a caustic shrike
101367 | Depths:4 | Killed a caustic shrike
101372 | Depths:4 | Killed a caustic shrike
101378 | Depths:4 | Killed a caustic shrike
102373 | Depths:4 | Found a gate to the Realm of Zot.
102536 | Depths:4 | Found Ohysm's Magic Scroll Shoppe.
102566 | Depths:4 | Found a radiant altar of Vehumet.
104749 | Elf:3    | Entered Level 3 of the Elven Halls
106509 | Elf:3    | Noticed Saint Roka
107007 | Elf:3    | Identified the +1 leather armour of Fallacy {rN+++ Regen+
                  | Int-2 Dex+3}
107020 | Elf:3    | Killed Saint Roka
107021 | Elf:3    | Identified the +1 battleaxe of the Dead {drain, Fly rElec
                  | rC- Dex+2}
107021 | Elf:3    | Identified the ring of Brilliance {rElec rN+ Dex+6}
107274 | Elf:3    | Identified the +7 chain mail "Demnick" {+Blink Int-2
                  | Slay+2}
107284 | Elf:3    | Identified the +1 leather armour of Epsungag {rF+ rN+}
107349 | Elf:3    | Identified a scroll of acquirement
107538 | Elf:3    | Found the +27 heavy crossbow "Sniper" {heavy, Acc+∞ SInv}
107672 | Elf:3    | Got the Handbook of Creation
107687 | Elf:3    | Identified the +11 shortbow of Excruciating Pain {elec,
                  | Str+3}
107690 | Elf:3    | Got the Monograph on Nauseating Attacks
109215 | D:8      | Acquired 662 gold pieces
109497 | Depths:4 | Bought a pair of runed gloves for 255 gold pieces
109519 | Depths:4 | Bought a runed scarf for 272 gold pieces
109958 | Vaults:1 | Entered Level 1 of the Vaults
110344 | Vaults:1 | Got the Grimoire of the Panacea
112057 | Vaults:1 | Reached XP level 24. HP: 193/193 MP: 1/43
116284 | Vaults:2 | Reached skill level 15 in Conjurations
116749 | Vaults:3 | Found a staircase to the Crypt.
116892 | Vaults:3 | Found Juijelis's Weapon Boutique.
117403 | Vaults:3 | Reached skill level 15 in Translocations
117782 | Vaults:3 | Noticed Jory
117795 | Vaults:3 | Killed Jory
120743 | Vaults:4 | Found a crumbling gateway.
120759 | Desolati | Entered the Desolation of Salt
121570 | Desolati | Reached XP level 25. HP: 194/201 MP: 6/44
122283 | Desolati | Identified the ring "Ydaos" {rF+++ rC- Will+ rCorr Int-4}
122551 | Desolati | Identified the ring of Lorphile {Fly rCorr}
122553 | Desolati | Identified the -2 cloak of Xom's Righteous Anger {Harm
                  | Slay+3 SInv}
122692 | Desolati | Got Sif Muna's Compilation of Impurities and the Deep
                  | Freeze
122967 | Desolati | Identified the +1 robe of Wasted Space {Will+}
122983 | Desolati | Got the Treatise on the Ironbound Deep Freeze
123005 | Desolati | Identified the +1 battleaxe "Eviscerator" {heavy, Int+2}
123028 | Desolati | Got the Enchiridion on Luminous Accompaniment
124785 | Vaults:4 | Noticed Mara
124788 | Vaults:4 | Noticed LowRida's illusion
124807 | Vaults:4 | Killed from afar by LowRida's illusion (illusionary)

Illustrated notes

Levels and vault maps discovered:
D:1:      dpeg_chamrin_arrival_tetris, layout_basic, serial_shops,
          nicolae_shop_advertising_works [nicolae_subvault_shop_adworks],
          nicolae_square_shop, shop_statue, shapermc_ecumenical_altar_ellora
D:2:      layout_basic
D:3:      minmay_recursive_quarters, layout_basic, kennysheep_slug_shrine,
          kennysheep_decorative_pillar, grunt_ministairs_2,
          kennysheep_generic_room_11
D:4:      layout_basic, okawaru_ov_weapons_minmay, nicolae_overflow_squiral,
          enter_ossuary_1
D:5:      layout_basic, minmay_temple_entry_junction,
          nicolae_concentric_dashed_squares_wild, hex_large
D:6:      layout_basic, mainiacjoe_overflow_alcove_1, uniq_grinder
D:7:      layout_basic, general_overflow_altar, minmay_ruined_shrine
D:8:      layout_loops_ring, lair_entry_dummy, serial_shops, shop_statue,
          uniq_psyche
D:9:      layout_loops_corners, nicolae_wu_jian_immortal_techniques,
          orc_0_dummy, serial_shops, shop
D:10:     layout_rooms, uniq_joseph, uniq_fannar, uniq_lodul
D:11:     minmay_roctagon, layout_stronghold, minmay_checkerbox, uniq_maurice,
          uniq_harold
D:12:     dreamdust_labyrinth, layout_irregular_city, nzn_life_drinkers,
          uniq_azrael
D:13:     layout_loops_ring, ebering_ghost_rock_garden, uniq_erolcha,
          uniq_rupert, uniq_kirke
D:14:     layout_gridville, david_vaults_3, nicolae_qazlal_scattered_showers,
          wad_rectangle_vault, uniq_snorg, uniq_roxanne
D:15:     grunt_enter_depths_giant_problem, layout_loops_cross,
          minmay_misc_feat_iff, minmay_hollow_rounded_squares
Temple:   regret_index_temple_generic_petals
Lair:1:   layout_chaotic_city
Lair:2:   beast_lair_carwin_large_3, layout_regular_city, st_stairs_5,
          uniq_sonja
Lair:3:   layout_regular_city, swamp_mist, nicolae_snake_entry_squirm,
          minivault_26, st_stairs_5, cheibrodos_lair_lostbears,
          lemuel_fruit_tree, infiniplex_staircase_pool_2
Lair:4:   layout_regular_city, nicolae_slime_entry_slimehenge, basic_altar
Lair:5:   minmay_lair_end_frog_pond, layout_regular_city, basic_altar
Swamp:1:  layout_basic_swamp, evilmike_swamp_ruin_house_4, swamp_pool3
Swamp:2:  layout_basic_swamp, evilmike_swamp_ruin_rubble_2
Swamp:3:  nicolae_swamp_wrong_neighborhood, layout_falls_marsh,
          nicolae_swamp_tree_designs, swamp_pool2,
          nicolae_swamp_nymph_family_reunion, infiniplex_staircase_pool
Swamp:4:  swamp_icy, layout_basic_swamp
Snake:1:  layout_grid_shapes, guppyfry_library_mini, uniq_aizul, uniq_donald
Snake:2:  layout_basic, grunt_ministairs_2
Snake:3:  layout_gridlike, serial_shops, shop_statue
Snake:4:  minmay_snake_end_coiled, layout_rooms, serial_shops,
          nicolae_square_shop, serial_bayou_shore_b, minmay_shop_star,
          uniq_mlioglotl, uniq_nikola
Orc:1:    layout_caves, sword_in_stone
Orc:2:    st_orc_ogre_mass, layout_diamond_mine, special_room, uniq_jorgrun
Elf:1:    eino_elf_arrival_sip, layout_rooms, gammafunk_ghost_wrathful_warriors,
          nicolae_trove_entry_crossroad, portal_ice_cave_entry_frozen_things,
          minmay_elf_demonology, evilmike_ambush [evilmike_ambush_outer_basic,
          evilmike_ambush_inner_cross], uniq_louise
Elf:2:    nicolae_elf_blades_crystal_corner, layout_gridlike, minmay_shoptagon
Elf:3:    elf_hall_gauntlet_narrow, layout_gridlike, grunt_megastairs_1,
          uniq_saint_roka
Vaults:1: ontoclasm_vaults_ring_large, nicolae_vaults_asterisk, v_misc_11,
          v_misc_1, v_misc_29, ontoclasm_vaults_twist,
          hangedman_vaults_corner_blocks, v_misc_17,
          ontoclasm_vaults_loading_screen, vaults_room_stairs_pillars,
          v_pattern_3, hangedman_vaults_variations, v_alt_pattern_1,
          layout_vaults_ring
Vaults:2: nicolae_vaults_border_crossing, hangedman_vaults_pinch, v_misc_25,
          v_alt_pattern_5, nicolae_vaults_little_squares_5,
          hangedman_vaults_corner, ontoclasm_vaults_claustrophobia,
          ontoclasm_vaults_shuriken, vaults_room_large_hall,
          nicolae_vaults_three_branches, nicolae_vaults_asterisk,
          ontoclasm_vaults_gateway, vaults_room_corners, layout_vaults_omnicross
Vaults:3: minmay_crypt_entry_simple_sparse, v_misc_30, v_misc_22,
          nicolae_vaults_network_periphery, nicolae_vaults_display_case,
          nicolae_vaults_rhombus_6, ontoclasm_vaults_decontamination,
          layout_vaults_omnigrid, serial_shops, shop, uniq_jory
Vaults:4: portal_desolation_entry_nicolae_slug, v_misc_30,
          hangedman_vaults_slice, grunt_vaults_hallway_long, v_misc_14,
          v_rooms_5, vaults_mumra_hexcomb, v_pattern_5, dpeg_vaults_monster_box,
          ontoclasm_vaults_ring_square, vaults_dpeg_encased_lava,
          layout_vaults_maze_snakey, serial_shops, nicolae_shop_behind_doors,
          uniq_mara
Depths:1: layout_gridlike, grunt_decor_resistance, hell_entry, hallowed_hall,
          minmay_shop_grove
Depths:2: box_level_dp, abyss_entry, hell_entry, pan_entry
Depths:3: minmay_the_grid_plus_closed [minmay_the_grid_spin_star,
          minmay_the_grid_fan, minmay_the_grid_tree, minmay_the_grid_doors,
          minmay_the_grid_prize_diamond_cup], layout_gridlike, lightli_too_deep,
          abyss_entry_glasseish, minmay_misc_feat_plants, uniq_josephina,
          uniq_enchantress
Depths:4: evilmike_zot_entry_basic, layout_gridlike, enter_ziggurat_e,
          pf_vacation_house_of_asmodeus, serial_shops,
          nicolae_shop_hallway_plus, nicolae_diamond_shop, shop, shop_coins,
          fiery_altar_vehumet

Skill      XL: |  1  2  3  4  5  6  7  8  9 10 11 12 13 14 15 16 17 18 19 20 21 22 23 24 25 |
---------------+----------------------------------------------------------------------------+-----
Spellcasting   | 5 6 7 8 9 10 11 12 13 14 15 16 17 | 17.6
Invocations    | 1 2 3 4 5 6 7 8 9 10 11 12 13 14 15 16 17 18 | 18.4
Short Blades   | 1 2 3 4 5 6 7 8 9 10 11 12 13 14 15 16 17 | 17.0
Long Blades    | 1 2 3 4 5 6 7 8 9 10 11 12 13 14 15 16 17 | 17.0
Maces & Flails | 1 2 3 4 5 6 7 8 9 10 11 12 13 14 15 16 17 | 17.0
Polearms       | 1 2 3 4 5 6 7 8 9 10 11 12 13 14 15 16 17 | 17.0
Staves         | 1 2 3 4 5 6 7 8 9 10 11 12 13 14 15 16 17 | 17.0
Ranged Weapons | 1 2 3 4 5 6 7 8 9 10 11 12 13 14 15 16 17 | 17.0
Throwing       | 1 2 3 4 5 6 7 8 9 10 11 12 13 14 15 16 17 | 17.0
Armour         | 1 2 3 4 5 6 7 8 9 10 11 12 13 14 15 16 17 | 17.0
Stealth        | 1 2 3 4 5 6 7 8 9 10 11 12 13 14 15 16 17 | 17.0
Shields        | 1 2 3 4 5 6 7 8 9 10 11 12 13 14 15 16 17 | 17.0
Unarmed Combat | 1 2 3 4 5 6 7 8 9 10 11 12 13 14 15 16 17 18 | 18.0
Evocations     | 1 2 3 4 5 6 7 8 9 10 11 12 13 14 15 16 17 | 17.0
Hexes          | 1 2 3 4 5 6 7 8 9 10 11 12 13 14 | 14.5
Summonings     | 1 2 3 4 5 6 7 8 9 10 11 12 13 14 | 14.5
Necromancy     | 1 2 3 4 5 6 7 8 9 10 11 12 13 14 | 14.5
Translocations | 1 2 3 4 5 6 7 8 9 10 11 12 13 14 15 | 15.7
Transmutations | 1 2 3 4 5 6 7 8 9 10 11 12 13 14 | 14.5
Fire Magic     | 1 2 3 4 5 6 7 8 9 10 11 12 13 14 | 14.5
Ice Magic      | 1 2 3 4 5 6 7 8 9 10 11 12 13 14 | 14.5
Air Magic      | 1 2 3 4 5 6 7 8 9 10 11 12 13 14 | 14.5
Earth Magic    | 1 2 3 4 5 6 7 8 9 10 11 13 14 15 16 17 18 | 18.3
Poison Magic   | 1 2 3 4 5 6 7 8 9 10 11 12 13 14 | 14.5
Fighting       | 5 6 7 8 9 10 11 12 13 14 15 16 17 | 17.5
Dodging        | 5 6 7 8 9 10 11 12 13 14 15 16 17 | 17.5
Axes           | 7 8 9 10 11 12 13 14 15 16 17 18 | 18.1
Conjurations   | 6 7 8 9 10 11 12 13 14 15 | 15.4

Action                     |  1- 3 |  4- 6 |  7- 9 | 10-12 | 13-15 | 16-18 | 19-21 | 22-24 | 25-27 || total
---------------------------+-------+-------+-------+-------+-------+-------+-------+-------+-------++-------
  Melee: Hand axe          |   139 |   260 |   864 |   166 |       |       |       |       |       ||  1429
         Bite              |    13 |    29 |   107 |    59 |     8 |    12 |    11 |    35 |    35 ||   309
         Punch             |     3 |     4 |    12 |     6 |     5 |     4 |       |       |       ||    34
         Flail             |       |       |       |   218 |       |       |       |       |       ||   218
         Unarmed           |       |       |       |     4 |       |       |       |     3 |       ||     7
         Whip              |       |       |       |   141 |    41 |       |       |       |       ||   182
         Short sword       |       |       |       |       |    20 |   132 |    83 |   182 |   142 ||   559
  Throw: Stone             |     6 |       |    23 |     7 |       |       |       |       |       ||    36
         Boomerang         |       |    12 |    66 |    19 |     1 |    16 |     5 |     6 |       ||   125
         Dart              |       |     8 |     6 |    24 |     2 |     2 |       |     3 |       ||    45
         Throwing net      |       |       |     1 |       |       |       |       |       |       ||     1
         Javelin           |       |       |       |       |       |       |    13 |     3 |       ||    16
   Cast: Fulminant Prism   |       |       |       |   214 |   422 |   164 |   117 |    49 |     4 ||   970
         Flame Wave        |       |       |       |    12 |    25 |    39 |    39 |    30 |     1 ||   146
         Scorch            |       |       |       |    10 |     7 |     5 |    11 |     3 |       ||    36
         Searing Ray       |       |       |       |     6 |    22 |    42 |    32 |    19 |     3 ||   124
         Hailstorm         |       |       |       |     2 |    14 |    23 |    10 |     9 |       ||    58
         Sticky Flame      |       |       |       |     5 |    43 |     7 |     2 |    17 |     4 ||    78
         Iron Shot         |       |       |       |       |    38 |   316 |    85 |   293 |    34 ||   766
         Summon Mana Viper |       |       |       |       |    15 |     7 |     2 |     2 |       ||    26
         Starburst         |       |       |       |       |     5 |    14 |     5 |    14 |       ||    38
         Yara's Violent Un |       |       |       |       |     2 |       |       |       |       ||     2
         Fireball          |       |       |       |       |       |   150 |   565 |   448 |    30 ||  1193
         Statue Form       |       |       |       |       |       |       |     2 |     9 |       ||    11
         Spellforged Servi |       |       |       |       |       |       |       |    54 |    17 ||    71
Ability: Evoke Blink       |       |       |       |       |       |       |       |     1 |       ||     1
  Evoke: Wand              |       |       |     5 |     7 |       |     1 |     1 |     4 |     4 ||    22
         Phantom mirror    |       |       |       |     1 |       |     1 |     1 |     3 |     1 ||     7
         Box of beasts     |       |       |       |       |       |       |     4 |     5 |     1 ||    10
         Phial of floods   |       |       |       |       |       |       |       |     3 |     1 ||     4
         Condenser vane    |       |       |       |       |       |       |       |     3 |     1 ||     4
         Lightning rod     |       |       |       |       |       |       |       |     7 |       ||     7
    Use: Scroll            |       |       |    15 |     6 |    16 |     2 |     2 |     8 |     1 ||    50
         Potion            |       |       |       |       |     3 |       |     4 |     1 |     1 ||     9
   Stab: Held in net/web   |       |       |     1 |       |       |       |       |       |       ||     1
         Distracted        |       |       |       |       |       |       |       |     2 |     3 ||     5
         Sleeping          |       |       |       |       |       |       |       |     1 |       ||     1
 Armour: Chain mail        |   118 |   115 |   432 |       |       |       |       |       |       ||   665
         Leather armour    |     1 |       |       |       |       |       |       |       |       ||     1
         Plate armour      |       |       |    45 |   232 |       |       |       |       |       ||   277
         Skin              |       |       |       |     1 |       |       |     3 |    24 |       ||    28
         Troll leather arm |       |       |       |   105 |    63 |       |       |       |       ||   168
         Ring mail         |       |       |       |       |    36 |    58 |    59 |       |       ||   153
         Scale mail        |       |       |       |       |       |    61 |       |       |       ||    61
         Robe              |       |       |       |       |       |     2 |       |       |       ||     2
         Pearl dragon scal |       |       |       |       |       |       |    43 |     9 |       ||    52
         Acid dragon scale |       |       |       |       |       |       |       |    80 |    24 ||   104
  Dodge: Dodged            |    42 |   136 |   461 |   491 |   237 |   275 |   149 |   319 |    86 ||  2196
         Repelled          |       |       |       |       |       |       |       |     4 |     3 ||     7
  Block: Kite shield       |       |       |   171 |   214 |       |    66 |    20 |       |       ||   471
         Buckler           |       |       |       |       |       |    48 |    64 |   236 |    67 ||   415
         Reflection        |       |       |       |       |       |       |       |    33 |     4 ||    37

Table legend: (Time is in decaauts)
 A = Elapsed time spent in this place.
 B = Non-inter-level travel time spent in this place.
 C = Inter-level travel time spent in this place.
 D = Time resting spent in this place.
 E = Time spent auto-exploring this place.
 F = Levels seen in this place.
 G = Mean time per level.
                   A        B        C        D        E       F      G
               +--------+--------+--------+--------+--------+-----+--------+
         Total | 125728 | 107607 |  18121 |  33102 |   2705 |  45 | 2794.0 |
       Dungeon |  43347 |  34800 |   8547 |   6373 |   1332 |  15 | 2889.8 |
        Temple |    191 |    191 |      0 |      0 |     96 |   1 |  191.0 |
          Lair |  16448 |  14617 |   1831 |   4413 |    281 |   5 | 3289.6 |
         Swamp |   9263 |   8850 |    413 |   3715 |    236 |   4 | 2315.8 |
     Snake Pit |   7350 |   6922 |    428 |   2597 |     55 |   4 | 1837.5 |
  Orcish Mines |   5539 |   4449 |   1090 |   1495 |    220 |   2 | 2769.5 |
   Elven Halls |   8317 |   7501 |    816 |   2332 |     80 |   3 | 2772.3 |
        Vaults |  11989 |   9739 |   2250 |   4505 |    188 |   4 | 2997.2 |
        Depths |  17984 |  15240 |   2744 |   5666 |    167 |   4 | 4496.0 |
       Ossuary |    863 |    863 |      0 |    131 |      0 |   1 |  863.0 |
      Ice Cave |   1898 |   1898 |      0 |    854 |      0 |   1 | 1898.0 |
    Desolation |   2533 |   2533 |      0 |   1020 |     49 |   1 | 2533.0 |
               +--------+--------+--------+--------+--------+-----+--------+

Top non-repeatable levels by time:
     D:8: 8823 daAuts
Depths:2: 5686 daAuts
  Lair:3: 5392 daAuts
Depths:4: 5191 daAuts
   Orc:2: 4427 daAuts
     D:9: 4216 daAuts
Depths:3: 3953 daAuts
Vaults:1: 3934 daAuts
    D:11: 3876 daAuts
    D:12: 3843 daAuts
  Lair:4: 3460 daAuts
Vaults:3: 3370 daAuts
Vaults:2: 3333 daAuts
Depths:1: 3152 daAuts
    D:13: 3123 daAuts
